TOP OF THE 1ST |
Brockton Rox batting - Pitching for Trois-Riveres Aigles : LHP John Sylvester
|
Pitching: LHP John Sylvester
|
|
Batting: LHB Darby Starburster
|
0-0: Ball 1-0: Swinging Strike 1-1: Ground out 6-3 (Groundball, 6, EV 105.6 MPH)
|
Batting: RHB Matt Walker
|
0-0: Ball 1-0: Called Strike 1-1: Called Strike 1-2: Strikes out swinging
|
Batting: LHB Eric Gaugler
|
0-0: Called Strike 0-1: Called Strike 0-2: Ball 1-2: Ball 2-2: SINGLE (Groundball, 4MS, EV 65.0 MPH) (infield hit)
|
Batting: RHB Bob Reichley
|
0-0: Called Strike Eric Gaugler is caught stealing 2nd base 2-4
|
Top of the 1st over - 0 runs, 1 hit, 0 errors, 0 left on base; Brockton 0 - Trois-Riveres 0 |
BOTTOM OF THE 1ST |
Trois-Riveres Aigles batting - Pitching for Brockton Rox : RHP Jeff Williams
|
Pitching: RHP Jeff Williams
|
|
Batting: RHB Luis Jara
|
0-0: Fly out, F8 (Flyball, 8RD, EV 85.6 MPH)
|
Batting: RHB Tony Bonilla
|
0-0: Called Strike 0-1: Hit by Pitch
|
Pinch Runner at 1st Ian Cranton:
|
|
Batting: RHB Sandoval Serzedelo
|
0-0: Fly out, F9 (Flyball, 89M, EV 75.6 MPH)
|
Batting: SHB Derek Weaver
|
0-0: Called Strike 0-1: Foul Ball, location: 2F 0-2: Ball 1-2: Foul Ball, location: 2F 1-2: Strikes out swinging
|
Bottom of the 1st over - 0 runs, 0 hits, 0 errors, 1 left on base; Brockton 0 - Trois-Riveres 0 |
TOP OF THE 2ND |
Brockton Rox batting - Pitching for Trois-Riveres Aigles : LHP John Sylvester
|
Now at 1B: Ian Cranton
|
|
Batting: RHB Bob Reichley
|
0-0: Ground out 6-3 (Groundball, 6S, EV 80.6 MPH)
|
Batting: SHB Mel Gonzalez
|
0-0: Ball 1-0: Swinging Strike 1-1: Ball 2-1: Ball 3-1: Reached on error, E4 (Groundball, 4, EV 86.2 MPH)
|
Batting: RHB Jose Blocker
|
0-0: Called Strike 0-1: Swinging Strike 0-2: Strikes out swinging
|
Batting: RHB Joe Lewis
|
0-0: Called Strike 0-1: Swinging Strike 0-2: Strikes out swinging
|
Top of the 2nd over - 0 runs, 0 hits, 1 error, 1 left on base; Brockton 0 - Trois-Riveres 0 |
BOTTOM OF THE 2ND |
Trois-Riveres Aigles batting - Pitching for Brockton Rox : RHP Jeff Williams
|
Batting: RHB Micah Logan
|
0-0: SINGLE (Groundball, 4M, EV 85.0 MPH) (infield hit)
|
Batting: RHB Alistair Holmes
|
0-0: Foul Ball, location: 2F 0-1: Ball 1-1: Called Strike 1-2: Fly out, F6 (Popup, 6MD, EV 56.2 MPH)
|
Batting: RHB Willie Acevedo
|
0-0: Foul Ball, location: 2F 0-1: Called Strike 0-2: Ball 1-2: 2-RUN HOME RUN (Flyball, 7D, EV 99.4 MPH), Distance : 405 ft
|
Batting: RHB Chris Davis
|
0-0: Ball 1-0: Ball 2-0: Ball 3-0: Base on Balls
|
Batting: RHB Ben Saxton
|
0-0: Called Strike 0-1: Ball 1-1: Ball 2-1: Hit by Pitch Chris Davis to second
|
Batting: RHB Luis Jara
|
0-0: Swinging Strike 0-1: Fielders Choice at 2nd, 4-6 (Groundball, 4S, EV 88.1 MPH) Chris Davis to third
|
Batting: LHB Ian Cranton
|
0-0: Ball 1-0: Ball 2-0: Called Strike 2-1: Ball 3-1: Fly out, F7 (Flyball, 7D, EV 99.4 MPH)
|
Bottom of the 2nd over - 2 runs, 2 hits, 0 errors, 2 left on base; Brockton 0 - Trois-Riveres 2 |
TOP OF THE 3RD |
Brockton Rox batting - Pitching for Trois-Riveres Aigles : LHP John Sylvester
|
Batting: LHB Alexis Toxqui
|
0-0: Ball 1-0: Ball 2-0: Foul Ball, location: 2F 2-1: Hit by Pitch
|
Batting: RHB Wu-sheng Zi
|
0-0: Ball 1-0: Foul Ball, location: 2F 1-1: Foul Ball, location: 2F 1-2: Ball 2-2: Ball 3-2: Strikes out swinging Alexis Toxqui is caught stealing 2nd base 2-4 Batter strikes out.
|
Batting: LHB Darby Starburster
|
0-0: Ball 1-0: Bunted foul 1-1: Foul Ball, location: 2F 1-2: Ground out U3 (Groundball, 3L, EV 80.6 MPH)
|
Top of the 3rd over - 0 runs, 0 hits, 0 errors, 0 left on base; Brockton 0 - Trois-Riveres 2 |
BOTTOM OF THE 3RD |
Trois-Riveres Aigles batting - Pitching for Brockton Rox : RHP Jeff Williams
|
Batting: RHB Sandoval Serzedelo
|
0-0: Fly out, F8 (Flyball, 78XD, EV 105.6 MPH)
|
Batting: SHB Derek Weaver
|
0-0: Ball 1-0: SINGLE (Groundball, 4M, EV 103.8 MPH)
|
Batting: RHB Micah Logan
|
0-0: Called Strike 0-1: Ball 1-1: Called Strike 1-2: Fly out, F9 (Flyball, 9, EV 95.6 MPH)
|
Batting: RHB Alistair Holmes
|
0-0: Fly out, F8 (Flyball, 8RD, EV 108.8 MPH)
|
Bottom of the 3rd over - 0 runs, 1 hit, 0 errors, 1 left on base; Brockton 0 - Trois-Riveres 2 |
TOP OF THE 4TH |
Brockton Rox batting - Pitching for Trois-Riveres Aigles : LHP John Sylvester
|
Batting: RHB Matt Walker
|
0-0: Called Strike 0-1: Called Strike 0-2: Ball 1-2: Strikes out swinging
|
Batting: LHB Eric Gaugler
|
0-0: Foul Ball, location: 2F 0-1: DOUBLE (Line Drive, 78D, EV 108.1 MPH)
|
Batting: RHB Bob Reichley
|
0-0: Foul Ball, location: 2F 0-1: Fly out, F9 (Line Drive, 9, EV 98.8 MPH)
|
Batting: SHB Mel Gonzalez
|
0-0: Called Strike 0-1: Foul Ball, location: 2F 0-2: Strikes out looking
|
Top of the 4th over - 0 runs, 1 hit, 0 errors, 1 left on base; Brockton 0 - Trois-Riveres 2 |
BOTTOM OF THE 4TH |
Trois-Riveres Aigles batting - Pitching for Brockton Rox : RHP Jeff Williams
|
Batting: RHB Willie Acevedo
|
0-0: Called Strike 0-1: Fly out, F8 (Flyball, 8LD, EV 91.2 MPH)
|
Batting: RHB Chris Davis
|
0-0: Ball 1-0: Ball 2-0: Ball 3-0: Called Strike 3-1: Swinging Strike 3-2: Base on Balls
|
Batting: RHB Ben Saxton
|
0-0: Called Strike 0-1: 2-RUN HOME RUN (Flyball, 78XD, EV 110.6 MPH), Distance : 444 ft
|
Batting: RHB Luis Jara
|
0-0: Foul Ball, location: 2F 0-1: Ground out 6-3 (Groundball, 56, EV 82.5 MPH)
|
Batting: LHB Ian Cranton
|
0-0: Ball 1-0: Ball 2-0: Ball 3-0: Called Strike 3-1: Base on Balls
|
Batting: RHB Sandoval Serzedelo
|
0-0: Ball 1-0: Ball 2-0: Called Strike 2-1: Ball 3-1: Foul Ball, location: 2F 3-2: Foul Ball, location: 2F 3-2: Ground out 5-3 (Groundball, 56S, EV 86.2 MPH)
|
Bottom of the 4th over - 2 runs, 1 hit, 0 errors, 1 left on base; Brockton 0 - Trois-Riveres 4 |
TOP OF THE 5TH |
Brockton Rox batting - Pitching for Trois-Riveres Aigles : LHP John Sylvester
|
Batting: RHB Jose Blocker
|
0-0: Ball 1-0: Called Strike 1-1: Ball 2-1: Ball 3-1: Base on Balls
|
Batting: RHB Joe Lewis
|
0-0: DOUBLE (Groundball, 5L, EV 97.5 MPH) Jose Blocker to third
|
Batting: LHB Alexis Toxqui
|
0-0: Ball 1-0: Called Strike 1-1: Ball 2-1: Ball 3-1: Foul Ball, location: 2F 3-2: Foul Ball, location: 2F 3-2: Base on Balls
|
Batting: RHB Wu-sheng Zi
|
0-0: Called Strike 0-1: Ball 1-1: Called Strike 1-2: Strikes out looking
|
Batting: LHB Darby Starburster
|
0-0: Ball 1-0: Ball 2-0: Ball 3-0: Called Strike 3-1: Foul Ball, location: 2F 3-2: Strikes out looking
|
Batting: RHB Matt Walker
|
0-0: Fly out, F7 (Flyball, 78S, EV 85.6 MPH)
|
Top of the 5th over - 0 runs, 1 hit, 0 errors, 3 left on base; Brockton 0 - Trois-Riveres 4 |
BOTTOM OF THE 5TH |
Trois-Riveres Aigles batting - Pitching for Brockton Rox : RHP Jeff Williams
|
Batting: SHB Derek Weaver
|
0-0: Ball 1-0: Called Strike 1-1: Ball 2-1: Ball 3-1: Called Strike 3-2: SINGLE (Groundball, 56D, EV 108.1 MPH)
|
Batting: RHB Micah Logan
|
0-0: Called Strike 0-1: Ball Wild Pitch! Derek Weaver to second 1-1: Foul Ball, location: 2F 1-2: Strikes out swinging
|
Batting: RHB Alistair Holmes
|
0-0: Ball 1-0: Foul Ball, location: 2F 1-1: Ball 2-1: SINGLE (Line Drive, 89S, EV 110.6 MPH) Derek Weaver to third
|
Batting: RHB Willie Acevedo
|
0-0: Ball 1-0: Ball 2-0: Called Strike 2-1: Ball 3-1: Foul Ball, location: 2F 3-2: Strikes out swinging
|
Pitching: RHP Robby Arce
|
|
Batting: RHB Chris Davis
|
0-0: Called Strike 0-1: Foul Ball, location: 2F 0-2: Ball 1-2: Foul Ball, location: 2F 1-2: Ball 2-2: Ball 3-2: Strikes out swinging
|
Bottom of the 5th over - 0 runs, 2 hits, 0 errors, 2 left on base; Brockton 0 - Trois-Riveres 4 |
TOP OF THE 6TH |
Brockton Rox batting - Pitching for Trois-Riveres Aigles : LHP John Sylvester
|
Batting: LHB Eric Gaugler
|
0-0: Fly out, F3 (Line Drive, 3, EV 72.5 MPH)
|
Batting: RHB Bob Reichley
|
0-0: Ball 1-0: Called Strike 1-1: Ball 2-1: SINGLE (Groundball, 6S, EV 66.9 MPH) (infield hit)
|
Batting: SHB Mel Gonzalez
|
0-0: Called Strike 0-1: Swinging Strike 0-2: Strikes out looking
|
Batting: RHB Jose Blocker
|
0-0: Ball 1-0: Ground out 4-3 (Groundball, 34, EV 100.6 MPH)
|
Top of the 6th over - 0 runs, 1 hit, 0 errors, 1 left on base; Brockton 0 - Trois-Riveres 4 |
BOTTOM OF THE 6TH |
Trois-Riveres Aigles batting - Pitching for Brockton Rox : RHP Robby Arce
|
Batting: RHB Ben Saxton
|
0-0: Ball 1-0: Foul Ball, location: 2F 1-1: Swinging Strike 1-2: Strikes out swinging
|
Batting: RHB Luis Jara
|
0-0: Ball 1-0: Ball 2-0: Ball 3-0: Base on Balls
|
Batting: LHB Ian Cranton
|
0-0: Called Strike 0-1: Ball 1-1: Called Strike 1-2: DOUBLE (Groundball, 5L, EV 103.1 MPH) Luis Jara to third
|
Batting: RHB Sandoval Serzedelo
|
0-0: Called Strike 0-1: Fly out, F4 (Popup, 4, EV 70.6 MPH)
|
Batting: SHB Derek Weaver
|
0-0: Ball 1-0: Foul Ball, location: 2F 1-1: Foul Ball, location: 2F 1-2: Ball 2-2: Foul Ball, location: 2F 2-2: Ball 3-2: Foul Ball, location: 2F 3-2: Foul Ball, location: 2F 3-2: Strikes out swinging
|
Bottom of the 6th over - 0 runs, 1 hit, 0 errors, 2 left on base; Brockton 0 - Trois-Riveres 4 |
TOP OF THE 7TH |
Brockton Rox batting - Pitching for Trois-Riveres Aigles : LHP John Sylvester
|
Batting: RHB Joe Lewis
|
0-0: Fly out, F4 (Popup, 4MS, EV 67.5 MPH)
|
Batting: LHB Alexis Toxqui
|
0-0: Fly out, F8 (Flyball, 89M, EV 87.5 MPH)
|
Batting: RHB Wu-sheng Zi
|
0-0: Ball 1-0: SINGLE (Line Drive, 6D, EV 97.5 MPH)
|
Batting: LHB Darby Starburster
|
0-0: Ball 1-0: Ball 2-0: Foul Ball, location: 2F 2-1: Called Strike 2-2: Strikes out swinging
|
Top of the 7th over - 0 runs, 1 hit, 0 errors, 1 left on base; Brockton 0 - Trois-Riveres 4 |
BOTTOM OF THE 7TH |
Trois-Riveres Aigles batting - Pitching for Brockton Rox : RHP Robby Arce
|
Batting: RHB Micah Logan
|
0-0: Foul Ball, location: 2F 0-1: Reached on error, E2 (Groundball, 13S, EV 62.5 MPH)
|
Batting: RHB Alistair Holmes
|
0-0: Ball Micah Logan is caught stealing 2nd base 2-4 1-0: Ball 2-0: Called Strike 2-1: Fly out, F3 (Popup, 3SF, EV 80.0 MPH)
|
Batting: RHB Willie Acevedo
|
0-0: Ball 1-0: Called Strike 1-1: Fly out, F6 (Line Drive, 6D, EV 65.6 MPH)
|
Bottom of the 7th over - 0 runs, 0 hits, 1 error, 0 left on base; Brockton 0 - Trois-Riveres 4 |
TOP OF THE 8TH |
Brockton Rox batting - Pitching for Trois-Riveres Aigles : LHP John Sylvester
|
Batting: RHB Matt Walker
|
0-0: Ball 1-0: Ground out 6-3 (Groundball, 6, EV 104.4 MPH)
|
Batting: LHB Eric Gaugler
|
0-0: Called Strike 0-1: Ball 1-1: Foul Ball, location: 2F 1-2: Ground out U3 (Groundball, 3L, EV 83.8 MPH)
|
Batting: RHB Bob Reichley
|
0-0: Swinging Strike 0-1: Ball 1-1: Called Strike 1-2: Strikes out swinging
|
Top of the 8th over - 0 runs, 0 hits, 0 errors, 0 left on base; Brockton 0 - Trois-Riveres 4 |
BOTTOM OF THE 8TH |
Trois-Riveres Aigles batting - Pitching for Brockton Rox : RHP Robby Arce
|
Batting: RHB Chris Davis
|
0-0: Called Strike 0-1: Swinging Strike 0-2: Ball 1-2: Strikes out swinging
|
Batting: RHB Ben Saxton
|
0-0: Swinging Strike 0-1: Foul Ball, location: 2F 0-2: Ball 1-2: Strikes out swinging
|
Batting: RHB Luis Jara
|
0-0: Ball 1-0: Swinging Strike 1-1: Ball 2-1: Foul Ball, location: 2F 2-2: Foul Ball, location: 2F 2-2: Foul Ball, location: 2F 2-2: Foul Ball, location: 2F 2-2: SINGLE (Groundball, 6MD, EV 103.1 MPH)
|
Batting: LHB Ian Cranton
|
0-0: Foul Ball, location: 2F 0-1: Foul Ball, location: 2F 0-2: Ball 1-2: Ball 2-2: Ball 3-2: Foul Ball, location: 2F 3-2: SINGLE (Groundball, 56D, EV 105.6 MPH) Luis Jara to second Luis Jara to third
|
Pitching: LHP Bob Strachan
|
|
Batting: RHB Sandoval Serzedelo
|
0-0: Fly out, F9 (Flyball, 89S, EV 90.0 MPH)
|
Bottom of the 8th over - 0 runs, 2 hits, 0 errors, 2 left on base; Brockton 0 - Trois-Riveres 4 |
TOP OF THE 9TH |
Brockton Rox batting - Pitching for Trois-Riveres Aigles : LHP John Sylvester
|
Pinch Hitting: RHB Eric McClelland
|
0-0: Called Strike 0-1: Foul Ball, location: 2F 0-2: Ball 1-2: Ball 2-2: Foul Ball, location: 2F 2-2: Ball 3-2: Base on Balls
|
Batting: RHB Jose Blocker
|
0-0: Ball 1-0: Called Strike 1-1: Fly out, F8 (Line Drive, 8RD, EV 110.0 MPH)
|
Pitching: LHP Joel Brown
|
|
Pinch Hitting: RHB Ryan Davis
|
0-0: Ball 1-0: Foul Ball, location: 2F 1-1: Ball 2-1: Grounds into double play, 6-4-3 (Groundball, 6, EV 112.5 MPH)
|
Top of the 9th over - 0 runs, 0 hits, 0 errors, 0 left on base; Brockton 0 - Trois-Riveres 4 |
|